 Dungeon Crawl Stone Soup version 0.30-a0-42-g806c11bf1d (webtiles) character file.

Game seed: 4956818908635399337

578 SensoryNuts the Slasher (level 7, 0/53 HPs)
             Began as a Demonspawn Fighter on Aug 30, 2022.
             Slain by a two-headed ogre
             ... wielding a +0 giant spiked club
              (3 damage)
             ... on level 5 of the Dungeon.
             The game lasted 00:03:35 (3830 turns).

SensoryNuts the Slasher (Demonspawn Fighter)        Turns: 3830, Time: 00:03:36

Health: 0/53       AC:  9    Str: 15    XL:     7   Next: 13%
Magic:  7/7        EV:  9    Int: 14    God:
Gold:   174        SH:  4    Dex: 13    Spells: 6/6 levels left

rFire   . . .      SeeInvis .    a - +0 long sword
rCold   . . .      Faith    .    c - +0 buckler
rNeg    . . .      Spirit   .    b - +0 scale mail
rPois   .          Reflect  .    (helmet restricted)
rElec   .          Harm     .    (no cloak)
rCorr   .          Rampage  .    d - +0 pair of gloves
Will    .....      Rnd*Tele +    (no boots)
Stlth   ..........               n - amulet of regeneration
HPRegen 0.97/turn                j - +4 ring of slaying
MPRegen 0.10/turn                (no ring)

@: mighty
A: antennae 1, demonic guardian 1, powered by pain 1, sharp scales 1, clever 1,
teleportitis 1, wild magic 1
a: no special abilities


You were on level 5 of the Dungeon.
You visited 1 branch of the dungeon, and saw 5 of its levels.

You collected 174 gold pieces.

Inventory:

Hand Weapons
 a - a +0 long sword (weapon)
Armour
 b - a +0 scale mail (worn)
 c - a +0 buckler (worn)
 d - a +0 pair of gloves (worn)
Jewellery
 e - an amulet of magic regeneration
 i - a +6 ring of intelligence
 j - a +4 ring of slaying (left hand)
 n - an amulet of regeneration (around neck)
 u - a +6 ring of intelligence
 v - a ring of ice
Wands
 s - a wand of polymorph (10)
Scrolls
 f - a scroll of identify
 g - a scroll of fog {unknown}
 h - 2 scrolls of amnesia
 k - a scroll of noise
Potions
 m - 2 potions of curing
 t - a potion of flight


   Skills:
 + Level 3.8 Fighting
 * Level 5.8 Long Blades
 + Level 3.5 Armour
 + Level 1.2 Dodging
 + Level 0.8 Stealth
 + Level 3.1 Shields


You had 6 spell levels left.
You didn't know any spells.
Your spell library contained the following spells:

 Spells                   Type           Power      Damage    Failure   Level
 Apportation              Tloc           0%         N/A       87%         1
 Necrotise                Necr           0%         1d4       87%         1
 Summon Small Mammal      Summ           0%         N/A       87%         1
 Corpse Rot               Necr/Pois/Air  0%         N/A       100%        4
 Dispel Undead            Necr           0%         3d6       100%        4
 Death Channel            Necr           0%         N/A       100%        6
 Borgnjor's Revivificati  Necr           0%         N/A       100%        8
 Necromutation            Tmut/Necr      0%         N/A       100%        8
 Death's Door             Necr           0%         N/A       100%        9


Dungeon Overview and Level Annotations

Branches:
Dungeon (5/15)
 Temple: D:4-7

Altars:
Makhleb


Innate Abilities, Weirdness & Mutations

You have a pair of small antennae on your head.
A weak demonic guardian rushes to your aid.
You sometimes gain a little power by taking damage.
You are partially covered in razor-sharp scales. (AC +1, Slay +1)
Your mind is acute. (Int +4, Str/Dex -1)
You are occasionally teleported next to monsters.
Your spells are a little harder to cast, but a little more powerful.


Message History

You see here a +0 club.
You sense a monster nearby.
No target in view!
No target in view!
No target in view!
A two-headed ogre comes into view.
It is wielding a +0 giant spiked club and a +0 giant club.
The two-headed ogre shouts in stereo!
A two-headed ogre is nearby!
You hit the two-headed ogre but do no damage.
The two-headed ogre closely misses you.
The two-headed ogre hits you with a +0 giant club!
You focus on the pain.
You feel very mighty all of a sudden.
You slash the two-headed ogre!
The two-headed ogre is lightly wounded.
The two-headed ogre hits you with a +0 giant spiked club!!
A demonic guardian appears!
The two-headed ogre barely misses you.
You are too injured to fight recklessly!
You are too injured to fight recklessly!
You feel much better.
You barely miss the two-headed ogre.
The two-headed ogre is lightly wounded.
The two-headed ogre barely misses you.
The two-headed ogre hits you with a +0 giant club!!
You barely miss the two-headed ogre.
The two-headed ogre is lightly wounded.
The two-headed ogre hits you with a +0 giant spiked club!!
* * * LOW HITPOINT WARNING * * *
You focus on the pain.
You feel mightier all of a sudden.
The two-headed ogre hits you but does no damage.
You feel much better.
You slash the two-headed ogre!
The two-headed ogre is heavily wounded.
The two-headed ogre hits you with a +0 giant spiked club!!
* * * LOW HITPOINT WARNING * * *
You focus on the pain.
You feel mightier all of a sudden.
The two-headed ogre hits you with a +0 giant club.
You die...

## ...######
........####
...........####
........O......
...##@# #..##5#
#..##.# #..##.#
#.####..##.#
#.........)#
######..####
.########..#
...........#######
#.#


You could see a two-headed ogre (ally target) and a friendly shadow imp
(summoned).

Vanquished Creatures
  2 phantoms (D:5)
  A scorpion (D:4)
  An orc priest (D:4)
  A gnoll bouda (D:5)
  An iguana (D:4)
  An orc wizard (D:3)
  5 gnolls (D:5)
  5 adders
  2 ufetubi (D:5)
  4 worms
  3 dart slugs
  10 orcs
  10 ball pythons
  10 bats
  3 endoplasms
  3 giant cockroaches
  3 goblins (D:1)
  5 hobgoblins
  4 quokkas
  2 frilled lizards (D:3)
  4 kobolds
  2 rats (D:1)
82 creatures vanquished.

Vanquished Creatures (collateral kills)
  A scorpion (D:5)
  2 orcs (D:5)
3 creatures vanquished.

Grand Total: 85 creatures vanquished

Notes
Turn   | Place    | Note
-------+----------+-------------------------------------------
     0 | D:1      | SensoryNuts the Demonspawn Fighter began the quest for the
                  | Orb.
     0 | D:1      | Reached XP level 1. HP: 18/18 MP: 1/1
   288 | D:1      | Gained mutation: You are partially covered in razor-sharp
                  | scales. (AC +1, Slay +1) [demonic ancestry]
   288 | D:1      | Reached XP level 2. HP: 24/24 MP: 2/2
   312 | D:1      | HP: 1/24 [goblin/+0 club (2)]
   319 | D:1      | Reached skill level 2 in Long Blades
  1175 | D:2      | Found a faded altar of an unknown god.
  1187 | D:2      | Gained mutation: A weak demonic guardian rushes to your
                  | aid. [demonic ancestry]
  1187 | D:2      | Reached XP level 3. HP: 28/29 MP: 3/3
  1891 | D:3      | Reached skill level 3 in Long Blades
  1962 | D:3      | Reached XP level 4. HP: 34/35 MP: 4/4
  2827 | D:4      | Gained mutation: You sometimes gain a little power by
                  | taking damage. [demonic ancestry]
  2827 | D:4      | Reached XP level 5. HP: 41/41 MP: 5/5
  2904 | D:4      | Reached skill level 4 in Long Blades
  3062 | D:4      | Reached XP level 6. HP: 47/47 MP: 6/6
  3157 | D:4      | Found a burning altar of Makhleb.
  3596 | D:4      | Gained mutation: You are occasionally teleported next to
                  | monsters. [potion of mutation]
  3596 | D:4      | Gained mutation: Your spells are a little harder to cast,
                  | but a little more powerful. [potion of mutation]
  3596 | D:4      | Gained mutation: Your mind is acute. (Int +4, Str/Dex -1)
                  | [potion of mutation]
  3621 | D:5      | Entered Level 5 of the Dungeon
  3637 | D:5      | Reached skill level 5 in Long Blades
  3637 | D:5      | Reached skill level 1 in Dodging
  3764 | D:5      | Gained mutation: You have a pair of small antennae on your
                  | head. [demonic ancestry]
  3764 | D:5      | Reached XP level 7. HP: 50/53 MP: 7/7
  3823 | D:5      | Noticed a two-headed ogre
  3828 | D:5      | HP: 2/53 [two-headed ogre/+0 giant spiked club (22)]
  3830 | D:5      | Slain by a two-headed ogre

Illustrated notes

Levels and vault maps discovered:
D:1:      eino_arrival_water_cross, layout_basic,
          amcnicky_mini_rare_corridor_liquid
D:2:      layout_basic, nicolae_ecumenical_oubliette
D:3:      layout_basic, grunt_decor_clamped, kennysheep_generic_room_7
D:4:      layout_basic, mainiacjoe_overflow_six_doors_small, eino_tiny_chamber,
          serial_bayou_ford_a, chequers_serial_rivers_micro_c
D:5:      layout_loops_ring, nicolae_ashenzari_panopticon, uniq_duvessa

Skill      XL: |  1  2  3  4  5  6 |
---------------+-------------------+-----
Shields        | 3 |  3.1
Long Blades    | 2 3 4 5 |  5.8
Armour         | 3 |  3.5
Dodging        | 1 |  1.2
Fighting       | |  3.8
Stealth        | |  0.8

Action                   |  1- 3 |  4- 6 |  7- 9 || total
-------------------------+-------+-------+-------++-------
Melee: Long sword        |   121 |   164 |    10 ||   295
  Use: Potion            |     1 |     5 |     2 ||     8
       Scroll            |     6 |     5 |       ||    11
 Stab: Distracted        |       |     1 |       ||     1
Armor: Scale mail        |    82 |   100 |     2 ||   184
Dodge: Dodged            |    60 |   119 |     3 ||   182
Block: Buckler           |    33 |    39 |     2 ||    74

Table legend: (Time is in decaauts)
 A = Elapsed time spent in this place.
 B = Non-inter-level travel time spent in this place.
 C = Inter-level travel time spent in this place.
 D = Time resting spent in this place.
 E = Time spent auto-exploring this place.
 F = Levels seen in this place.
 G = Mean time per level.
                   A        B        C        D        E       F      G
               +--------+--------+--------+--------+--------+-----+--------+
         Total |   3916 |   3827 |     89 |     20 |   3099 |   5 |  783.2 |
       Dungeon |   3916 |   3827 |     89 |     20 |   3099 |   5 |  783.2 |
               +--------+--------+--------+--------+--------+-----+--------+

Top non-repeatable levels by time:
     D:1: 1109 daAuts
     D:4: 891 daAuts
     D:3: 885 daAuts
     D:2: 806 daAuts
     D:5: 223 daAuts
